 Dungeon Crawl Stone Soup version 0.29.1-12-g30fa7ad0bf (webtiles) character file.

Game seed: 9088798136646612552

667 growler the Ruffian (level 7, -2/50 HPs)
             Began as a Demonspawn Wanderer on Jan 8, 2023.
             Was a Follower of Makhleb.
             Slain by an ogre
             ... wielding a +0 giant spiked club
              (20 damage)
             ... on level 5 of the Dungeon on Jan 9, 2023.
             The game lasted 00:10:40 (4594 turns).

growler the Ruffian (Demonspawn Wanderer)           Turns: 4594, Time: 00:10:41

Health: -2/50      AC:  9    Str: 20    XL:     7   Next: 31%
Magic:  9/9        EV:  7    Int: 11    God:    Makhleb [*.....]
Gold:   243        SH:  0    Dex:  9    Spells: 8/8 levels left

rFire   . . .      SeeInvis .     - Unarmed
rCold   . . .      Faith    .   (no shield)
rNeg    . . .      Spirit   .   d - +0 chain mail
rPois   .          Reflect  .   (no helmet)
rElec   .          Harm     .   (no cloak)
rCorr   .          Rampage  .   (no gloves)
Will    .....                   (no boots)
Stlth   ..........              (no amulet)
HPRegen 0.16/turn               (no ring)
MPRegen 0.22/turn               (no ring)

@: no status effects
A: claws 2, ignite blood 1, magic regeneration
a: Renounce Religion


You were on level 5 of the Dungeon.
You worshipped Makhleb.
Makhleb was aware of your devotion.
You visited 1 branch of the dungeon, and saw 5 of its levels.

You collected 243 gold pieces.

Inventory:

Hand Weapons
 a - a +0 club
 m - a +3 spear
Missiles
 l - 4 boomerangs (quivered)
 y - 2 javelins
 A - 4 poisoned darts
Armour
 d - a +0 chain mail (worn)
Jewellery
 e - an amulet of the acrobat
 j - a ring of wizardry
 o - a ring of protection from cold
 p - an amulet of magic regeneration
 s - an amulet of guardian spirit
Scrolls
 b - a scroll of silence
 c - a scroll of fear
 f - a scroll of poison
 i - 3 scrolls of amnesia
 n - a scroll of identify
 q - a scroll of teleportation
 t - a scroll of torment {unknown}
 x - a scroll of noise
 z - a scroll of butterflies {unknown}
Potions
 g - 2 potions of heal wounds {unknown}
 h - 2 potions of mutation {unknown}
 k - 3 potions of magic {unknown}
 r - 2 potions of flight {unknown}
 u - a potion of curing
 v - 2 potions of brilliance {unknown}
 w - a potion of attraction
 B - 2 potions of ambrosia {unknown}


   Skills:
 - Level 2.0 Fighting
 - Level 3.6 Armour
 - Level 1.0 Stealth
 + Level 7.0 Unarmed Combat
 - Level 1.4 Spellcasting
 - Level 2.1 Air Magic


You had 8 spell levels left.
You didn't know any spells.
Your spell library contained the following spells:

 Spells                   Type           Power      Damage    Failure   Level
 Beastly Appendage        Tmut           0%         N/A       97%         1
 Poisonous Vapours        Pois/Air       6%         N/A       97%         2
 Static Discharge         Conj/Air       3%         3-4/arc   97%         2
 Wereblood                Tmut           0%         N/A       99%         2
 Frozen Ramparts          Ice            0%         1d1       100%        3
 Spider Form              Tmut/Pois      0%         N/A       100%        3
 Ice Form                 Ice/Tmut       0%         N/A       100%        4
 Summon Ice Beast         Ice/Summ       0%         N/A       100%        4


Dungeon Overview and Level Annotations

Branches:
Dungeon (5/15)             Temple (0/1) D:5

Altars:
Fedhas
Kikubaaqudgha
Makhleb
Trog
Uskayaw


Innate Abilities, Weirdness & Mutations

You have very sharp fingernails.
Your demonic aura sometimes causes spilled blood to erupt in flames.
You regenerate magic rapidly.


Message History

You are engulfed in a cloud of scalding steam.
The steam dragon bites you but does no damage.
The steam dragon claws you but does no damage.
The steam dragon barely misses you.
The steam dragon claws you but does no damage.
You scratch the steam dragon.
The steam dragon is heavily wounded.
The steam dragon bites you. The steam dragon completely misses you.
You scratch the steam dragon.
The steam dragon is heavily wounded.
The steam dragon breathes steam at you. The ball of steam hits you!
You scratch the steam dragon.
The steam dragon is severely wounded.
You are engulfed in a cloud of scalding steam.
* * * LOW HITPOINT WARNING * * *
The steam dragon is engulfed in blazing flames.
You kill the steam dragon!
Makhleb accepts your kill.
You feel better.
Your Unarmed Combat skill increases to level 7!
Unknown command.
You hear a distant slurping noise.
HP restored.
n - a scroll of identify An ogre comes into view.
It is wielding a +0 giant spiked club.
You scratch the ogre but do no damage.
The ogre hits you with a +0 giant spiked club!!
Ouch! That really hurt!
You scratch the ogre but do no damage. The ogre attacks as you move away!
The ogre barely misses you.
You claw the ogre!
The ogre is moderately wounded.
The ogre barely misses you.
You barely miss the ogre.
The ogre is moderately wounded.
You scratch the ogre.
The ogre is heavily wounded.
The ogre hits you with a +0 giant spiked club!!
You die...

#.....#..####.#.#.#.#.#.#
#.....#.....'...........#
#.....#.....#...........#
#.....#.....#....#......#
#.....#######....#......#
#...........#....#......#
#...........#....#......#
#.........O.#....#......#
#........@..#...<#......#
#...........#....#......#
######......#....#
#......#....#
#......#....#
#......#....#
.......#....#
........#..###


You could see an ogre.

Vanquished Creatures
  A steam dragon (D:5)
  An ogre (D:5)
  A necrophage (D:4)
  A scorpion (D:4)
  A gnoll bouda (D:4)
  2 orc priests (D:4)
  An orc wizard (D:4)
  6 adders
  5 gnolls (D:4)
  A white imp (D:4)
  An ufetubus (D:4)
  A worm (D:4)
  8 dart slugs
  5 orcs
  9 ball pythons
  9 endoplasms
  4 giant cockroaches
  9 goblins
  2 hobgoblins
  3 jackals (D:4)
  8 kobolds
  4 quokkas
  8 bats
  2 frilled lizards (D:1)
  6 rats
99 creatures vanquished.

Notes
Turn   | Place    | Note
-------+----------+-------------------------------------------
     0 | D:1      | growler the Demonspawn Wanderer began the quest for the
                  | Orb.
     0 | D:1      | growler set off with the following items: a +0 club, a
                  | scroll of silence, a scroll of fear, a +0 chain mail; and
                  | the following spells available to memorise: Poisonous
                  | Vapours, Static Discharge.
     0 | D:1      | Reached XP level 1. HP: 16/16 MP: 2/2
   215 | D:1      | Gained mutation: You have sharp fingernails. [demonic
                  | ancestry]
   215 | D:1      | Reached XP level 2. HP: 22/22 MP: 4/4
   447 | D:1      | Reached skill level 1 in Unarmed Combat
   823 | D:2      | Reached XP level 3. HP: 27/27 MP: 5/5
   851 | D:2      | Reached skill level 2 in Unarmed Combat
  1219 | D:2      | Identified the +1 short sword of Topexepo {flame, rElec}
  1268 | D:2      | Found a bloodstained altar of Trog.
  1421 | D:2      | Found a faded altar of an unknown god.
  1769 | D:2      | Gained mutation: You have very sharp fingernails. [demonic
                  | ancestry]
  1769 | D:2      | Reached XP level 4. HP: 27/33 MP: 6/6
  1781 | D:2      | Reached skill level 3 in Unarmed Combat
  2281 | D:3      | Found a burning altar of Makhleb.
  2289 | D:3      | Became a worshipper of Makhleb the Destroyer
  2940 | D:4      | Reached skill level 4 in Unarmed Combat
  2940 | D:4      | Reached XP level 5. HP: 29/38 MP: 7/7
  3199 | D:4      | Reached skill level 5 in Unarmed Combat
  3200 | D:4      | Reached * piety under Makhleb
  3269 | D:4      | Gained mutation: Your demonic aura sometimes causes spilled
                  | blood to erupt in flames. [demonic ancestry]
  3269 | D:4      | Reached XP level 6. HP: 36/44 MP: 8/8
  3671 | D:4      | Found an ancient bone altar of Kikubaaqudgha.
  3677 | D:4      | Reached skill level 6 in Unarmed Combat
  3881 | D:4      | Identified the +8 sling of Flawed Execution {vorpal, rElec
                  | rCorr Str+3 Dex-5}
  4219 | D:4      | Found a hide-covered altar of Uskayaw.
  4220 | D:4      | Found a blossoming altar of Fedhas.
  4250 | D:5      | Entered Level 5 of the Dungeon
  4255 | D:5      | Found a staircase to the Ecumenical Temple.
  4289 | D:5      | Gained mutation: You regenerate magic rapidly. [demonic
                  | ancestry]
  4289 | D:5      | Reached XP level 7. HP: 37/50 MP: 9/9
  4354 | D:5      | Noticed a steam dragon
  4365 | D:5      | Killed a steam dragon
  4366 | D:5      | Reached skill level 7 in Unarmed Combat
  4594 | D:5      | Slain by an ogre

Illustrated notes

Levels and vault maps discovered:
D:1:      heliophobic_arrival_henge, layout_basic
D:2:      cheibrodos_helix_gallery, layout_loops_corners, basic_altar,
          hellmonk_ecumenical_altar_crossroads
D:3:      layout_loops_ring, mainiacjoe_overflow_24_doors
D:4:      minmay_door_path, layout_basic, lemuel_crystal_altar,
          gammafunk_temple_overflow_claw
D:5:      layout_gridville, minmay_temple_entry_glass

Skill      XL: |  1  2  3  4  5  6  7 |
---------------+----------------------+-----
Air Magic      | 2 |  2.1
Unarmed Combat | 1 2 4 5 6 7 |  7.0
Fighting       | |  2.0
Armour         | |  3.6
Stealth        | |  1.0
Spellcasting   | |  1.4

Action                   |  1- 3 |  4- 6 |  7- 9 || total
-------------------------+-------+-------+-------++-------
Melee: Club              |    22 |       |       ||    22
       Unarmed           |    56 |   139 |    11 ||   206
       Spear             |    65 |    15 |       ||    80
       Punch             |     2 |     4 |       ||     6
Throw: Boomerang         |       |     1 |     4 ||     5
  Use: Scroll            |       |     6 |       ||     6
Armor: Chain mail        |    89 |    64 |     3 ||   156
Dodge: Dodged            |    65 |    45 |     4 ||   114
